 Seeded DCSS version 0.28.0-53-g5a82cb258f (webtiles) character file.

Game seed: 8975328188744077526 (custom seed)

23 cbfl8 the Chopper (level 3, -2/30 (33) HPs)
             Began as a Hill Orc Monk on Aug 3, 2022.
             Slain by a worm (9 damage)
             ... on level 3 of the Dungeon.
             The game lasted 00:00:58 (1286 turns).

cbfl8 the Chopper (Hill Orc Monk)                   Turns: 1286, Time: 00:00:58

HP:   -2/30 (33)    AC:  9    Str: 13    XL:     3   Next: 0%
MP:   3/3           EV: 11    Int: 10    God:
Gold: 47            SH:  0    Dex: 15    Spells: 2/2 levels left

rFire   . . .      SeeInvis .   a - +0 hand axe
rCold   . . .      Faith    .   (no shield)
rNeg    . . .      Spirit   .   i - +0 ring mail
rPois   .          Reflect  .   (no helmet)
rElec   .          Harm     .   (no cloak)
rCorr   .          Rampage  .   (no gloves)
Will    .....                   (no boots)
Stlth   +.........              (no amulet)
HPRegen 0.10/turn               d - +4 ring of protection
MPRegen 0.08/turn               (no ring)

@: drained
A: no striking features
a: no special abilities


You were on level 3 of the Dungeon.
You visited 1 branch of the dungeon, and saw 3 of its levels.

You collected 47 gold pieces.

Inventory:

Hand Weapons
 a - a +0 hand axe (weapon)
Armour
 b - a +0 robe
 i - a +0 ring mail (worn)
Jewellery
 d - a +4 ring of protection (left hand)
Scrolls
 f - a scroll of identify {unknown}
 g - a scroll of teleportation {unknown}
 h - a scroll of enchant weapon {unknown}
Potions
 c - a potion of invisibility {unknown}
 e - a potion of cancellation {unknown}


   Skills:
 + Level 3.9 Fighting
 + Level 4.6 Axes
 + Level 0.1 Armour
 + Level 2.7 Dodging
 + Level 1.6 Stealth


You had 2 spell levels left.
You didn't know any spells.
Your spell library was empty.

Dungeon Overview and Level Annotations

Branches:
Dungeon (3/15)

Altars:


Message History

There are monsters nearby!
You barely miss the frilled lizard. Your punch misses the frilled lizard.
The frilled lizard bites you.
You hit the frilled lizard.
You kill the frilled lizard!
You have reached level 3!
Your experience leads to an increase in your attributes!
Increase (S)trength, (I)ntelligence, or (D)exterity?
You feel agile. x2
You hit the worm.
The worm is moderately wounded.
The worm closely misses you.
You barely miss the worm.
The worm is moderately wounded.
You barely miss the worm.
The worm is moderately wounded.
The worm bites you!
You hit the worm.
The worm is heavily wounded.
You barely miss the worm.
The worm is heavily wounded.
The worm closely misses you.
You hit the worm.
The worm is severely wounded.
The worm bites you.
You hit the worm but do no damage.
The worm is heavily wounded.
You hit the worm.
The worm is almost dead.
The worm bites you!
You hit the worm but do no damage.
The worm is severely wounded.
The worm bites you.
* * * LOW HITPOINT WARNING * * *
You hit the worm.
The worm is almost dead.
You barely miss the worm.
The worm is almost dead.
The worm bites you!
You die...

#.......# #.......##
#........ #.......#
#.......# #.......#
#...w.# #@# # #.#
#.##.###.# #......(.#
##+## ####.#####
##...## #.###
##.....## ####.#.##
##.......#
#.......####.........
#.##.......'.........


You could see a worm.

Vanquished Creatures
  A dart slug (D:1)
  2 endoplasms (D:1)
  2 giant cockroaches (D:1)
  3 goblins
  A hobgoblin (D:2)
  3 kobolds
  A quokka (D:2)
  2 ball pythons (D:1)
  A bat (D:1)
  3 frilled lizards
  A rat (D:1)
20 creatures vanquished.

Notes
Turn   | Place    | Note
-------+----------+-------------------------------------------
     0 | D:1      | cbfl8 the Hill Orc Monk began the quest for the Orb.
     0 | D:1      | Reached XP level 1. HP: 19/19 MP: 1/1
   259 | D:1      | Found a faded altar of an unknown god.
   449 | D:1      | Reached XP level 2. HP: 27/27 MP: 2/2
  1274 | D:3      | Reached XP level 3. HP: 28/30 MP: 3/3
  1286 | D:3      | Slain by a worm

Illustrated notes

Levels and vault maps discovered:
D:1:      dpeg_arrival_oval, layout_loops_corners,
          ebering_ecumenical_altar_hall, lemuel_old_faithful
D:2:      layout_basic, serial_shops, shop_fountains, uniq_sigmund
D:3:      layout_loops_corners, nicolae_hepliaklqana_hippocampus,
          kennysheep_orc_sif_temple, nrook_campfire, minmay_misc_feat_room,
          uniq_crazy_yiuf_cottage, uniq_ijyb

Action                   || total
-------------------------++-------
Melee: Hand axe          ||    64
 Stab: Sleeping          ||     1
Armor: Robe              ||     7
       Ring mail         ||    14
Dodge: Dodged            ||    37
